 Dungeon Crawl Stone Soup version 0.20.1-1-g8b1a95d (webtiles) character file.

30 Monsterracer the Chiller (level 2, -1/20 HPs)
             Began as a Demigod Ice Elementalist on Aug 21, 2017.
             Slain by a kobold (2 damage)
             ... on level 1 of the Dungeon.
             The game lasted 00:01:39 (1001 turns).

Monsterracer the Chiller (Demigod Ice Elementalist) Turns: 1001, Time: 00:01:40

Health: -1/20      AC:  2    Str: 11    XL:     2   Next: 87%
Magic:  7/7        EV: 12    Int: 19    God:
Gold:   54         SH:  0    Dex: 16    Spells: 2/5 levels left

rFire    . . .     SeeInvis .   o - +0 short sword
rCold    . . .     Gourm    .   (no shield)
rNeg     . . .     Faith    .   a - +0 robe
rPois    .         Spirit   .   (no helmet)
rElec    .         Reflect  .   (no cloak)
rCorr    .         Harm     .   (no gloves)
MR       .....                  (no boots)
Stlth    ++........             (no amulet)
Regen    0.1/turn               (no ring)
MPRegen  0.1/turn               (no ring)

@: flying, hasted, very quick
A: high mp 1
a: no special abilities


You were on level 1 of the Dungeon.
You were not hungry.

You visited 1 branch of the dungeon, and saw 2 of its levels.

You collected 54 gold pieces.

Inventory:

Hand Weapons
 o - a +0 short sword (weapon)
Armour
 a - a +0 robe (worn)
Scrolls
 d - a scroll of blinking {unknown}
 h - a scroll of teleportation {unknown}
 j - a scroll of immolation {unknown}
 l - a scroll of remove curse {unknown}
 m - a scroll of amnesia {unknown}
 n - a scroll of recharging {unknown}
Books
 b - a book of Frost

   Spells                             Type                      Level
   a - Freeze                         Ice                          1
   b - Throw Frost                    Conjuration/Ice              2
   c - Ozocubu's Armour               Charms/Ice                   3
   d - Throw Icicle                   Conjuration/Ice              4
   e - Summon Ice Beast               Ice/Summoning                4
Comestibles
 c - a bread ration
 f - a royal jelly
 i - a meat ration


   Skills:
 - Level 1.7 Dodging
 - Level 1.7 Stealth
 + Level 2.2 Spellcasting
 - Level 0.8 Conjurations
 * Level 3.4 Ice Magic


You had 2 spell levels left.
You knew the following spells:

 Your Spells              Type           Power        Failure   Level  Hunger
a - Freeze                Ice            ###.         4%          1    #......
b - Throw Frost           Conj/Ice       ##....       11%         2    ##.....


Dungeon Overview and Level Annotations

Branches:
Dungeon (2/15)

Annotations:
D:2 Sigmund


Innate Abilities, Weirdness & Mutations

You have an increased reservoir of magic. (+10% MP)


Message History

Sigmund hits you from afar with a scythe of freezing!
Ouch! That really hurt!
* * * LOW HITPOINT WARNING * * *
Sigmund freezes you.
* * * LOW HITPOINT WARNING * * *
The kobold hits you but does no damage. The giant cockroach closely misses you.
The dart slug bites you.
* * * LOW HITPOINT WARNING * * *
You climb upwards.
There is a stone staircase leading down here.
Huge Dmg: -60%(-12hp) hp: 10%(2hp) It was a potion of flight.
You feel very buoyant.
You fly up into the air.
The kobold closely misses you. The giant cockroach closely misses you.
It was a potion of haste.
You feel yourself speed up. The dart slug bites you.
* * * LOW HITPOINT WARNING * * *
The giant cockroach bites you but does no damage.
The kobold hits you.
You die...

###.#### #.#
.......###########.#######
^........................#
....####################.#
...................#####.####
###...............<##.......#
#................##.##.##.#
##################..##.##.#
#.##........s@w....##.##.#
#......#####K##.#.###.##.#
#.##............#.# #.##.#
#............##.#.# #)##.#
#.##.##########.#.# #.##.#
#....# #.#.###....# ######..#
#.#.#...#### ...†....#
#.#.#.#.# ######..#
#######.#.#.#.#


You could see a dart slug, a giant cockroach and a kobold.

Vanquished Creatures
  2 dart slugs (D:1)
  A ball python (D:1)
  5 goblins (D:1)
  A hobgoblin (D:1)
  4 jackals (D:1)
  2 kobolds (D:1)
  A bat (D:1)
  4 frilled lizards (D:1)
  6 rats (D:1)
26 creatures vanquished.

Notes
Turn   | Place    | Note
-------+----------+-------------------------------------------
     0 | D:1      | Monsterracer the Demigod Ice Elementalist began the quest for the Orb.
     0 | D:1      | Reached XP level 1. HP: 14/14 MP: 5/5
   101 | D:1      | Reached skill level 3 in Ice Magic
   102 | D:1      | HP: 5/14 [jackal (3)]
   365 | D:1      | Reached XP level 2. HP: 20/20 MP: 5/7
   373 | D:1      | Learned a level 2 spell: Throw Frost
   981 | D:2      | Noticed Sigmund
   998 | D:2      | HP: 3/20 [Sigmund/scythe of freezing (10)]
   998 | D:2      | HP: 1/20 [dart slug (1)]
  1001 | D:1      | Slain by a kobold

Skill      XL: |  1 |
---------------+----+-----
Spellcasting   | 2 |  2.2
Ice Magic      | 3 |  3.4
Dodging        | |  1.7
Stealth        | |  1.7
Conjurations   | |  0.8

Action                   || total
-------------------------++-------
Melee: Club              ||     5
       Unarmed           ||     2
       Dagger            ||    20
       Short sword       ||     1
 Cast: Freeze            ||    20
  Use: Potion            ||     2
 Stab: Sleeping          ||     5
Armor: Robe              ||    11
Dodge: Dodged            ||    26
